 Dungeon Crawl Stone Soup version 0.27.1-1-g398f81649c (webtiles) character file.

Game seed: 745926798909603366

654 DoubleLucky the Skirmisher (level 7, -2/48 HPs)
             Began as a Gargoyle Berserker on Sept 13, 2021.
             Was a Believer of Trog.
             Slain by a kobold (16 damage)
             ... on level 3 of the Dungeon.
             The game lasted 00:17:19 (5906 turns).

DoubleLucky the Skirmisher (Gargoyle Berserker)     Turns: 5906, Time: 00:17:20

Health: -2/48      AC: 16    Str: 23    XL:     7   Next: 54%
Magic:  7/7        EV:  8    Int:  7    God:    Trog [**....]
Gold:   103        SH:  0    Dex:  9    Spells: 6/6 levels left

rFire    + . .     SeeInvis .   a - +0 mace
rCold    . . .     Faith    .   (no shield)
rNeg     + . .     Spirit   .   q - +2 chain mail {rF+}
rPois    ∞         Reflect  .   h - +0 helmet
rElec    +         Harm     +   f - scarf {harm}
rCorr    .         Rampage  .   (no gloves)
Will     ++...                  (no boots)
Stlth    ..........             (no amulet)
HPRegen  1.16/turn              (no ring)
MPRegen  0.10/turn              (no ring)

@: strong-willed, on berserk cooldown, regenerating, slowed, very slow
A: sickness immunity, AC +4, negative energy resistance 1, electricity
resistance, torment resistance 1, petrification resistance
a: Renounce Religion, Berserk, Trog's Hand


You were on level 3 of the Dungeon.
You worshipped Trog.
Trog was pleased with you.
You visited 1 branch of the dungeon, and saw 3 of its levels.
You also visited: Sewer.

You collected 127 gold pieces.
You spent 24 gold pieces at shops.

Inventory:

Hand Weapons
 a - a +0 mace (weapon)
Missiles
 b - 107 stones (quivered)
 d - 4 poisoned darts
 k - a curare-tipped dart
Armour
 f - a scarf of harm (worn)
 h - a +0 helmet (worn)
 q - a +2 chain mail of fire resistance (worn)
Wands
 i - a wand of flame (16)
Scrolls
 c - 2 scrolls of enchant weapon
 e - a scroll of noise
 o - a scroll of identify
 p - a scroll of summoning {unknown}
Potions
 j - a potion of brilliance {unknown}
 l - 2 potions of flight
 m - a potion of heal wounds
 n - a potion of curing


   Skills:
 + Level 7.0 Fighting
 + Level 6.3 Maces & Flails
 - Level 2.1 Armour
 - Level 1.5 Dodging


You had 6 spell levels left.
You didn't know any spells.
Your spell library was empty.

Dungeon Overview and Level Annotations

Branches:
Dungeon (3/15)              Sewer (visited)

Altars:
Hepliaklqana

Shops:
D:1 *!*[=

Annotations:
D:2 1 runed translucent door, Crazy Yiuf
D:3 Flure's ghost, amateur DrTm


Innate Abilities, Weirdness & Mutations

You are immune to sickness and miasma.
Your stone body is resilient. (AC +4)
You are immune to poison.
You resist negative energy. (rN+)
You are resistant to electric shocks. (rElec)
You are resistant to unholy torment.
You are immune to petrification.


Message History

Space bends around you.
You sock the kobold brigand!
The kobold brigand is severely wounded.
You barely miss the kobold brigand.
The kobold brigand is severely wounded.
The kobold brigand hits you but does no damage.
You barely miss the kobold brigand.
The kobold brigand is severely wounded.
The kobold brigand hits you with a +1 whip of distortion.
Space bends around you.
You closely miss the kobold brigand.
The kobold brigand is severely wounded.
The kobold brigand hits you but does no damage.
Space warps horribly around you!!
You closely miss the kobold brigand.
The kobold brigand is severely wounded.
You closely miss the kobold brigand.
The kobold brigand is severely wounded.
The kobold brigand hits you but does no damage.
Space warps horribly around you!
* * * LOW HITPOINT WARNING * * *
You sock the kobold brigand!
You feel the power of Trog in you as your rage grows.
You kill the kobold brigand!
Trog accepts your kill.
Your Fighting skill increases to level 7!
You are too berserk!
You completely miss the kobold.
The kobold hits you with a +0 short sword.
* * * LOW HITPOINT WARNING * * *
You closely miss the kobold. You sock the kobold!
You kill the kobold!
Trog accepts your kill.
You miss the kobold.
You are no longer berserk.
You are exhausted.
You feel yourself slow down. The kobold hits you but does no damage.
Space warps horribly around you!
You die...

.# #.#..KK....$# #.#... .#
##########.##KKK.#..(# #.#### .#
#...)......##.#K#.#.## #..... .#
#.###########K##W⌠.### #.##.. .#
#<# ##K.#####.# #.##.. .# #.#
##.### #...####..... .# #.# #K##
##........... .# #.### ##K##
##..<####..... .# #...###
##@###....# ####.. .# #.#...#
##.#.#.#########.. .# #.##''##
##.##.# #........ .# ###....##
#.##.# #.####### .# ##...)..##
#.##.# #.# .###..##.#..# #.##.#
#.# ...#..#.#...######.##.# #.#
.###...#.#..#.........# #.# #
...#..#.##..#####.###.###.#######


You could see 2 kobolds.

Vanquished Creatures
  Grinder (D:3)
  2 kobold brigands
  Natasha (thrice) (D:2)
  2 orc wizards (D:3)
  5 gnolls
  4 adders
  2 river rats (Sewer)
  A worm (D:2)
  5 orcs
  7 ball pythons
  3 endoplasms
  5 giant cockroaches
  8 hobgoblins
  9 jackals
  6 quokkas
  4 bats
  3 frilled lizards (D:2)
  2 goblins
  9 kobolds
  10 rats
91 creatures vanquished.

Vanquished Creatures (others)
  15 plants (D:3)
15 creatures vanquished.

Grand Total: 106 creatures vanquished

Notes
Turn   | Place    | Note
-------+----------+-------------------------------------------
     0 | D:1      | DoubleLucky the Gargoyle Berserker began the quest for the
                  | Orb.
     0 | D:1      | Reached XP level 1. HP: 14/14 MP: 1/1
   103 | D:1      | Reached XP level 2. HP: 13/19 MP: 2/2
   395 | D:1      | Found Vyzxiriz's Antique Armour Boutique.
   494 | D:1      | Found Ryr Keass's General Store.
   564 | D:1      | Found Hore Sick's Distillery.
   625 | D:1      | Found Hacathes's Jewellery Shop.
   765 | D:1      | Reached XP level 3. HP: 22/24 MP: 3/3
   769 | D:1      | Reached skill level 4 in Fighting
   924 | D:1      | Found Pacs's General Store.
   930 | D:1      | Bought a scroll of identify for 24 gold pieces
  1478 | D:2      | Reached ** piety under Trog
  1647 | D:2      | Reached XP level 4. HP: 30/30 MP: 4/4
  2384 | D:2      | Noticed Natasha
  2392 | D:2      | Killed Natasha
  2393 | D:2      | Reached skill level 5 in Fighting
  2393 | D:2      | Reached XP level 5. HP: 35/35 MP: 5/5
  2732 | D:2      | Found a runed translucent door.
  2733 | D:2      | Noticed Crazy Yiuf
  3607 | D:2      | Found a runed translucent door.
  3670 | D:2      | Noticed Natasha
  3680 | D:2      | Killed Natasha
  4192 | D:2      | Found a runed translucent door.
  4243 | D:2      | Noticed Natasha
  4259 | D:2      | Killed Natasha
  4636 | D:3      | Reached skill level 5 in Maces & Flails
  4636 | D:3      | Reached XP level 6. HP: 40/40 MP: 6/6
  4733 | D:3      | Found a glowing drain.
  4742 | Sewer    | Entered a sewer
  5029 | Sewer    | Found a white marble altar of Elyvilon.
  5193 | D:3      | Reached skill level 6 in Fighting
  5356 | D:3      | Noticed Grinder
  5369 | D:3      | Killed Grinder
  5370 | D:3      | Reached XP level 7. HP: 47/47 MP: 7/7
  5423 | D:3      | Found a hazy altar of Hepliaklqana.
  5555 | D:3      | Found a runed translucent gate.
  5555 | D:3      | Noticed Flure's ghost (amateur DrTm)
  5556 | D:3      | Found a runed translucent gate.
  5556 | D:3      | Found a runed translucent gate.
  5902 | D:3      | Reached skill level 7 in Fighting
  5906 | D:3      | Slain by a kobold

Illustrated notes

Levels and vault maps discovered:
D:1:      lightli_arrival_quake, layout_basic, serial_shops, nicolae_shop_trees,
          shop, nicolae_shop_statue_plus, nicolae_shop_statue_plus, shop
D:2:      layout_basic, uniq_crazy_yiuf_cottage, uniq_natasha
D:3:      layout_loops_ring, nicolae_hepliaklqana_hazy_memory,
          portal_sewer_entry_f, gammafunk_ghost_nasty_kobolds,
          kennysheep_generic_room_3, uniq_grinder

Skill      XL: |  1  2  3  4  5  6  7 |
---------------+----------------------+-----
Fighting       | 4 5 6 7 |  7.0
Maces & Flails | 4 5 6 |  6.3
Armour         | |  2.1
Dodging        | |  1.5

Action                   |  1- 3 |  4- 6 |  7- 9 || total
-------------------------+-------+-------+-------++-------
Melee: Mace              |    89 |   154 |    22 ||   265
Throw: Stone             |       |    30 |       ||    30
       Dart              |       |     6 |       ||     6
Invok: Berserk           |     1 |     6 |     1 ||     8
       Trog's Hand       |       |     3 |     1 ||     4
  Use: Scroll            |     1 |     1 |       ||     2
Armor: Animal skin       |    31 |       |       ||    31
       Ring mail         |     8 |    65 |     1 ||    74
       Chain mail        |       |       |     6 ||     6
Dodge: Dodged            |    47 |   108 |     4 ||   159
